 Dungeon Crawl Stone Soup version 0.24.0 (webtiles) character file.

Game seed: 7994795684730439399, levelgen mode: deterministic

257 Destructed3 the Skirmisher (level 5, 0/41 HPs)
             Began as a Mummy Fighter on Oct 25, 2019.
             Killed from afar by a starcursed mass (7 damage)
             ... with an accursed screaming
             ... on level 1 of the Abyss.
             The game lasted 00:09:10 (4441 turns).

Destructed3 the Skirmisher (Mummy Fighter)          Turns: 4441, Time: 00:09:11

Health: 0/41       AC: 13    Str: 20    XL:     5   Next: 93%
Magic:  5/5        EV:  7    Int:  8    God:
Gold:   204        SH:  9    Dex: 11    Spells: 4/4 levels left

rFire    x . .     SeeInvis .   a - +0 flail
rCold    + . .     Gourm    .   c - +0 shield
rNeg     + + +     Faith    .   b - +1 scale mail
rPois    ∞         Spirit   .   n - +2 helmet
rElec    .         Reflect  .   (no cloak)
rCorr    .         Harm     .   g - +1 pair of gloves
MR       .....                  (no boots)
Stlth    ..........             (no amulet)
HPRegen  0.13/turn              (no ring)
MPRegen  0.09/turn              (no ring)

@: no status effects
A: no food or potions, fire vulnerability, cold resistance 1, negative energy
resistance 3, torment resistance, unbreathing
a: no special abilities


You were on level 1 of the Abyss.
You were not hungry.

You visited 1 branch of the dungeon, and saw 3 of its levels.
You visited the Abyss 1 time.

You collected 204 gold pieces.

Inventory:

Hand Weapons
 a - a +0 flail (weapon)
 f - a +1 dagger of speed
Missiles
 l - 4 poisoned darts (quivered)
Armour
 b - a +1 scale mail (worn)
 c - a +0 shield (worn)
 g - a +1 pair of gloves (worn)
 n - a +2 helmet (worn)
Scrolls
 d - a scroll of teleportation
 e - a scroll of fear
 h - a scroll of remove curse
 i - 2 scrolls of identify {unknown}
 j - a scroll of random uselessness {unknown}
 k - a scroll of enchant weapon {unknown}
 m - a scroll of blinking {unknown}
 o - a scroll of silence {unknown}


   Skills:
 + Level 3.5 Fighting
 + Level 3.4 Maces & Flails
 + Level 3.4 Armour
 - Level 1.0 Dodging
 - Level 0.2 Stealth
 + Level 3.2 Shields


You had 4 spell levels left.
You didn't know any spells.
Your spell library contained the following spells:

 Spells                   Type           Power        Failure   Level  Hunger
 Apportation              Tloc           #.....       99%         1    N/A
 Summon Butterflies       Summ           #.......     99%         1    N/A
 Lesser Beckoning         Tloc           #.........   100%        3    N/A
 Tukima's Dance           Hex            #.......     100%        3    N/A
 Alistair's Intoxication  Tmut/Pois      #.......     100%        5    N/A
 Invisibility             Hex            #.......     100%        6    N/A

Dungeon Overview and Level Annotations

Branches:
Dungeon (3/15)

Altars:
Yredelemnul
Zin

Annotations:
D:3 Crazy Yiuf


Innate Abilities, Weirdness & Mutations

You do not eat or drink.
Your flesh is vulnerable to fire.
You are immune to poison.
Your flesh is cold resistant. (rC+)
You are immune to negative energy. (rN+++)
You are immune to unholy pain and torment.
You can survive without breathing.


Message History

An efreet comes into view.
It is wielding a +4 scimitar of flaming.
You sock the starcursed mass!
The starcursed mass is moderately damaged.
The starcursed mass shudders and is absorbed by its neighbour.
The starcursed mass engulfs you but does no damage.
A deafening chorus of shrieks assaults your mind!
A starcursed mass splits.
A chorus of shrieks assaults your mind.
You sock the starcursed mass!
The starcursed mass is moderately damaged.
The starcursed mass shudders and is absorbed by its neighbour.
The starcursed mass closely misses you.
A deafening chorus of shrieks assaults your mind!
* * * LOW HITPOINT WARNING * * *
You suddenly lose the ability to move!
You can move again.
A starcursed mass splits.
A starcursed mass splits.
A deafening chorus of shrieks assaults your mind!
You die...

.# ..###...###.
.###...#### ....
#.....#.....#.....#.. # ..
.....................# #
.. ......................#
.................X........
......#.....#....X#
....#.. #....
.....#..#.##... .# #.
.%.#.#.#..#.XXX# #
##.##..#..@..X####R...# ..
## ..##....#..#..## ○°#.#
...# ...#....#.##.###. ○#
. . ....#...#.#####.. R° .
..# ....#...#. #.# .# . ##
...#..# #. #. # #.#.... #.
. .#. # . ## ..###. ... #
. . #.... .# #. . . #


You could see 6 starcursed masses.

Vanquished Creatures
  An orc priest (D:3)
  An orc wizard (D:3)
  Robin (D:3)
  5 adders
  3 oozes
  7 worms
  2 dart slugs (D:2)
  A leopard gecko (D:1)
  10 orcs
  3 giant cockroaches
  10 goblins
  11 hobgoblins
  9 jackals
  A quokka (D:3)
  2 ball pythons (D:1)
  8 bats
  5 frilled lizards
  2 gnoll zombies (D:3)
  5 kobolds
  8 rats
  A lurking horror (Abyss:1)
96 creatures vanquished.

Notes
Turn   | Place    | Note
-------+----------+-------------------------------------------
     0 | D:1      | Destructed3 the Mummy Fighter began the quest for the Orb.
     0 | D:1      | Reached XP level 1. HP: 18/18 MP: 1/1
   369 | D:1      | Reached XP level 2. HP: 22/24 MP: 2/2
  1103 | D:2      | Reached XP level 3. HP: 24/29 MP: 3/3
  1817 | D:2      | Reached XP level 4. HP: 20/35 MP: 4/4
  2347 | D:2      | Found a glowing silver altar of Zin.
  3290 | D:3      | Reached XP level 5. HP: 29/41 MP: 5/5
  3420 | D:3      | Reached skill level 1 in Dodging
  3949 | D:3      | Found a runed translucent door.
  3950 | D:3      | Noticed Crazy Yiuf
  4047 | D:3      | Noticed Robin
  4091 | D:3      | Killed Robin
  4262 | D:3      | Found a basalt altar of Yredelemnul.
  4359 | D:3      | Cast into level 1 of the Abyss (Crazy Yiuf)
  4428 | Abyss:1  | Noticed a starcursed mass
  4433 | Abyss:1  | Noticed an efreet
  4437 | Abyss:1  | Paralysed by accursed screaming for 1 turns
  4441 | Abyss:1  | Killed from afar by a starcursed mass

Levels and vault maps discovered:
D:1:      dpeg_arrival_rooms_a, layout_loops_cross, serial_forest,
          infiniplex_forest_clump_long, infiniplex_forest_diagonal,
          infiniplex_forest_clump_long, infiniplex_forest_end_1,
          infiniplex_forest_straight_2, infiniplex_forest_clump_diagonal
D:2:      minmay_skewed_foursquare, layout_basic, zin_statuary, first_ration
D:3:      layout_basic, lemuel_zombie_altar_yredelemnul,
          uniq_crazy_yiuf_cottage, uniq_robin
Abyss:1:  evilmike_abyss_exit_3
